 Dungeon Crawl Stone Soup version 0.31-a0-176-g91f28db67f (webtiles) character file.

Game seed: 10358141657249975382

324 Kenran the Slasher (level 6, -1/54 (69) HPs)
             Began as a Vampire Berserker on June 18, 2023.
             Was a Believer of Trog.
             Slain by a wight
             ... wielding a +5 battleaxe
              (14 damage)
             ... on level 4 of the Dungeon.
             The game lasted 00:04:23 (2849 turns).

Kenran the Slasher (Vampire Berserker)              Turns: 2849, Time: 00:04:24

HP:   -1/54 (69)    AC:  7    Str: 16    XL:     6   Next: 23%
MP:   6/6           EV: 12    Int: 10    God:    Trog [**....]
Gold: 156           SH:  0    Dex: 15    Spells: 5/5 levels left

rFire   . . .        a - +0 falchion (drain)
rCold   + . .        (no shield)
rNeg    . . .        m - +2 leather armour {rC+}
rPois   .            t - +1 helmet
rElec   .            (no cloak)
rCorr   .            (no gloves)
SInv    +            (no boots)
Will    .....        (no amulet) Stlth
                     (no ring)
HPRegen 0.49/turn    (no ring)
MPRegen 0.10/turn

%: no passive effects
@: berserking, healing quickly, heavily drained, very quick
A: alive, fangs 3, see invisible, vampiric 2
a: Exsanguinate, Renounce Religion, Berserk, Trog's Hand


You were on level 4 of the Dungeon.
You worshipped Trog.
Trog was pleased with you.
You visited 1 branch of the dungeon, and saw 4 of its levels.

You collected 156 gold pieces.

Inventory:

Hand Weapons
 a - a +0 falchion of draining (weapon)
 n - a +1 rapier of draining
Missiles
 f - 8 poisoned darts
 h - 3 boomerangs of dispersal
Armour
 m - a +2 leather armour of cold resistance (worn)
 t - a +1 helmet (worn)
Jewellery
 e - a ring of flight
Wands
 s - a wand of polymorph (11)
Scrolls
 c - a scroll of butterflies {unknown}
 j - 2 scrolls of fog
 k - a scroll of enchant armour
 l - 2 scrolls of teleportation
 q - a scroll of poison {unknown}
Potions
 b - a potion of lignification {unknown}
 d - 2 potions of heal wounds {unknown}
 g - 2 potions of attraction {unknown}
 i - a potion of invisibility {unknown}
 o - a potion of mutation {unknown}
 p - a potion of brilliance {unknown}
 r - a potion of curing {unknown}


   Skills:
 - Level 2.6 Fighting
 + Level 7.1 Long Blades
 - Level 1.5 Armour
 - Level 2.1 Dodging


You had 5 spell levels left.
You didn't know any spells.
Your spell library was empty.

Dungeon Overview and Level Annotations

Branches:
Dungeon (4/15)
 Temple: D:4-7

Altars:

Shops:
D:3 (


Innate Abilities, Weirdness & Mutations

Your natural rate of healing is accelerated.
You have razor-sharp teeth.
You have supernaturally acute eyesight. (SInv)
You are afflicted with vampirism and can become a bat while bloodless.


Message History

You are exhausted.
You feel yourself slow down.
You see here 8 stones.
You see here a +1 helmet.
t - a +1 helmet You start putting on your armour.
You continue putting on your +1 helmet. x4
You finish putting on your +1 helmet.
You start resting.
You feel yourself speed up.
You start resting.
You recover from your berserk rage.
You start resting.
HP restored.
You now have 156 gold pieces (gained 10).
Found a whip.
You see here a +0 whip.
A wight comes into view.
It is wielding a +5 battleaxe. 2 wights come into view.
A wight is wielding a +3 spear of freezing.
A wight comes into view. It is wielding a +1 halberd.
The wight hits you with a +5 battleaxe. The wight attacks as you move away!
The wight hits you with a +5 battleaxe.
You feel drained.
A red film seems to cover your vision as you go berserk!
You feel yourself moving faster!
You feel mighty! The wight hits you with a +5 battleaxe!
You feel drained.
You closely miss the wight. The wight hits you with a +5 battleaxe!
You feel drained.
You barely miss the wight. You bite the wight!
The wight is heavily damaged.
You slash the wight!
The wight is almost destroyed.
The wight hits you with a +5 battleaxe.
* * * LOW HITPOINT WARNING * * *
You feel drained.
* * * LOW HITPOINT WARNING * * *
You closely miss the wight. Your bite misses the wight.
The wight is almost destroyed.
The wight hits you with a +5 battleaxe!
You die...

≣.≣ ≣..≣ ≣.≣ ≣..≣
≣≣≣ ≣.≣≣≣ ≣..≣ ≣..
≣...≣ ≣..≣ ≣.≣ ≣≣≣.≣
≣..≣ ≣.≣ ≣.≣ ≣.z≣
≣.≣ ≣ ≣.≣ ≣..≣ ≣≣.≣≣
≣ ≣≣ ≣.≣
≣..≣≣≣.≣.≣≣.≣
.≣≣≣≣≣.≣≣
≣.zzz@≣≣≣...≣
≣...(...≣
≣.≣≣≣≣.≣.≣≣≣≣
.≣≣≣≣≣..≣ ≣^≣ ≣≣.≣≣
≣≣ ≣..≣ ≣.≣ ≣.≣ ≣
≣..≣ ≣.≣ ≣.≣ ≣ ≣..≣
≣.≣ ≣.≣ ≣ ≣..≣ ≣.≣
≣.≣ ≣≣≣≣≣≣..≣ ≣.≣
≣.≣
........≣≣≣≣.≣≣≣≣≣.≣


You could see 3 wights.

Vanquished Creatures
  A scorpion (D:3)
  A wight (D:4)
  An iguana (D:4)
  Terence (D:2)
  3 adders
  3 gnolls (D:3)
  An ufetubus (D:3)
  2 dart slugs
  2 worms (D:2)
  4 orcs (D:3)
  8 endoplasms
  4 giant cockroaches
  6 goblins
  6 hobgoblins
  9 jackals
  8 kobolds
  5 quokkas
  7 ball pythons
  8 bats
  3 frilled lizards
  5 rats
88 creatures vanquished.

Notes
Turn   | Place    | Note
-------+----------+-------------------------------------------
     0 | D:1      | Kenran the Vampire Berserker began the quest for the Orb.
     0 | D:1      | Reached XP level 1. HP: 17/17 MP: 1/1
   212 | D:1      | Reached XP level 2. HP: 19/23 MP: 2/2
   249 | D:1      | Found a faded altar of an unknown god.
   389 | D:1      | Reached skill level 4 in Long Blades
   684 | D:1      | Gained mutation: You are afflicted with vampirism and can
                  | become a bat while bloodless. [Vampire growth]
   684 | D:1      | Reached XP level 3. HP: 28/28 MP: 3/3
   801 | D:1      | Reached ** piety under Trog
  1231 | D:2      | Reached XP level 4. HP: 34/34 MP: 4/4
  1267 | D:2      | Reached skill level 5 in Long Blades
  1268 | D:2      | Noticed Terence
  1276 | D:2      | Killed Terence
  1703 | D:3      | Found Mikuxiy's Weapon Shoppe.
  1932 | D:3      | Noticed a scorpion
  1953 | D:3      | Killed a scorpion
  1954 | D:3      | Reached skill level 6 in Long Blades
  1954 | D:3      | Reached XP level 5. HP: 31/39 MP: 5/5
  2341 | D:3      | Reached *** piety under Trog
  2662 | D:4      | Reached XP level 6. HP: 46/46 MP: 6/6
  2717 | D:4      | Reached skill level 7 in Long Blades
  2849 | D:4      | Slain by a wight

Illustrated notes

Levels and vault maps discovered:
D:1:      heliophobic_arrival_ceremonial_halls, layout_basic,
          nicolae_ecumenical_snake_handling
D:2:      layout_loops_ring, uniq_terence
D:3:      layout_basic, serial_shops, shop, grunt_decor_fettered,
          minmay_box_of_dots
D:4:      layout_loops_ring, riverfiend_overflow_shadow_ancestor

Skill      XL: |  1  2  3  4  5  6 |
---------------+-------------------+-----
Long Blades    | 4 6 7 |  7.1
Fighting       | |  2.6
Armour         | |  1.5
Dodging        | |  2.1

Action                     |  1- 3 |  4- 6 || total
---------------------------+-------+-------++-------
  Melee: Falchion          |   132 |   122 ||   254
         Bite              |    12 |    14 ||    26
 Invoke: Berserk           |     1 |     5 ||     6
    Use: Scroll            |     1 |     5 ||     6
   Stab: Sleeping          |       |     1 ||     1
 Armour: Scale mail        |    58 |     2 ||    60
         Leather armour    |       |    19 ||    19
  Dodge: Dodged            |    71 |    85 ||   156

Table legend: (Time is in decaauts)
 A = Elapsed time spent in this place.
 B = Non-inter-level travel time spent in this place.
 C = Inter-level travel time spent in this place.
 D = Time resting spent in this place.
 E = Time spent auto-exploring this place.
 F = Levels seen in this place.
 G = Mean time per level.
                   A        B        C        D        E       F      G
               +--------+--------+--------+--------+--------+-----+--------+
         Total |   2912 |   2869 |     43 |    160 |   1935 |   4 |  728.0 |
       Dungeon |   2912 |   2869 |     43 |    160 |   1935 |   4 |  728.0 |
               +--------+--------+--------+--------+--------+-----+--------+

Top non-repeatable levels by time:
     D:1: 971 daAuts
     D:3: 924 daAuts
     D:2: 765 daAuts
     D:4: 251 daAuts
